AoeStats
← MattAtArms

Arabia

518096920Analyzed
1v1 RM · 5d ago on Nov 1, 2026· 37m 58s· 2 players
Game mode
Random Map
Map size
Tiny (2 player)
Population
200
Speed
Normal
Resources
Standard
Victory
Conquest
Starting age
Dark Age
Ending age
Imperial Age
RankedLock teamsTeams togetherTeam positionsShared explorationLock speedFull tech treeHidden civsTurbo modeCheats
Victory
Defeat
🇬🇧 Sicilians · United Kingdom
1931
+18
vs
🇲🇽 Franks · Mexico
1968
-18
MattAtArms
8:37 Feudal Age
7:35 Loom
9:05 Double-Bit Axe
10:35 Horse Collar
21:15 Castle Age
19:37 Gold Mining
19:49 Fletching
20:28 Padded Archer Armor
21:15 Crossbowman
21:52 Bodkin Arrow
22:46 Bow Saw
23:34 Ballistics
25:23 Wheelbarrow
26:25 Heavy Plow
26:39 Town Watch
29:31 Hand Cart
31:53 Scale Barding Armor
32:35 Bloodlines
32:25 Husbandry
34:27 Chain Barding Armor
37:47 Imperial Age
37:52 Cavalier
Ux'BlueUltra
8:33 Feudal Age
9:25 Double-Bit Axe
11:03 Loom
15:25 Fletching
20:46 Castle Age
19:12 Gold Mining
20:49 Crossbowman
21:30 Bodkin Arrow
22:29 Ballistics
26:03 Bow Saw
28:55 Padded Archer Armor
29:12 Elite Skirmisher
30:29 Leather Archer Armor
33:51 Wheelbarrow
38:14 Imperial Age
36:20 Scale Barding Armor
37:06 Hand Cart
37:52 Chain Barding Armor
Connection lost

Rejoining the realm…

Still unreachable

The connection could not be restored.

Session expired

The server has moved on; the page needs a fresh start.